 Dungeon Crawl Stone Soup version 0.31-a0-844-gdc52ec4e09 (webtiles) character file.

Game seed: 6349780875947022792

149 Kurtz the Chopper (level 5, 0/36 HPs)
             Began as an Octopode Fighter on Sept 30, 2023.
             Slain by an orc wizard
             ... wielding a +0 dagger
              (3 damage)
             ... on level 3 of the Dungeon.
             The game lasted 00:01:28 (1731 turns).

Kurtz the Chopper (Octopode Fighter)                Turns: 1731, Time: 00:01:28

Health: 0/36       AC:  1    Str: 15    XL:     5   Next: 31%
Magic:  5/5        EV: 13    Int: 10    God:
Gold:   179        SH:  5    Dex: 14    Spells: 4/4 levels left

rFire   . . .        e - +2 mace (holy)
rCold   . . .        b - +0 buckler
rNeg    . . .        (helmet restricted)
rPois   .            (no amulet)
rElec   .            (no ring)
rCorr   .            (no ring)
SInv    .            (no ring)
Will    .....        (no ring)
Stlth   ++           (no ring)
HPRegen 0.26/turn    (no ring)
MPRegen 0.09/turn    (no ring)
                     (no ring)

%: no passive effects
@: attractive
A: almost no armour, amphibious, 8 rings, camouflage 1, gelatinous body 1,
(nimble swimmer 1), tentacles
a: no special abilities


You were on level 3 of the Dungeon.
You visited 1 branch of the dungeon, and saw 3 of its levels.

You collected 179 gold pieces.

Inventory:

Hand Weapons
 a - a +0 war axe
 e - a +2 mace of holy wrath (weapon)
Armour
 b - a +0 buckler (worn)
Jewellery
 h - a +6 ring of intelligence
Scrolls
 d - a scroll of identify {unknown}
 f - a scroll of summoning {unknown}
 i - a scroll of fog {unknown}
 j - 2 scrolls of amnesia {unknown}
Potions
 c - a potion of might
 g - a potion of attraction
 k - a potion of degeneration {unknown}


   Skills:
 - Level 3.0 Fighting
 * Level 5.3 Axes
 - Level 3.0 Dodging
 - Level 3.0 Shields


You had 4 spell levels left.
You didn't know any spells.
Your spell library contained the following spells:

 Spells                   Type           Power      Damage    Failure   Level
 Summon Small Mammal      Summ           0%         N/A       45%         1
 Call Canine Familiar     Summ           0%         N/A       83%         3
 Summon Guardian Golem    Hex/Summ       0%         N/A       83%         3


Dungeon Overview and Level Annotations

Branches:
Dungeon (3/15)

Altars:


Innate Abilities, Weirdness & Mutations

You cannot wear most types of armour.
You are amphibious.
You can wear up to eight rings at the same time.
Your skin changes colour to match your surroundings (Stealth+).
Your rubbery body absorbs attacks. (AC +1, EV +1)
((You are camouflaged when in or above water. (Stealth+)))
You have tentacles for arms and can constrict up to eight enemies at once.


Message History

You feel attractive to monsters.
You hit the orc priest. Your grab misses the orc priest.
You squeeze the orc priest!
You kill the orc priest!
Something hits you.
* * * LOW HITPOINT WARNING * * *
The orc priest barely misses you. Something hits you.
* * * LOW HITPOINT WARNING * * *
Your Axes skill increases to level 5!
You have reached level 5!
You feel agile.
You hit the orc priest. You grab the orc priest.
You squeeze the orc priest, but do no damage.
The orc priest is lightly wounded.
You constrict the orc priest, but do no damage.
You block the orc priest's attack. Something hits you.
* * * LOW HITPOINT WARNING * * *
Unknown command.
You hit the orc priest.
The orc priest is moderately wounded.
You constrict the orc priest, but do no damage.
The orc priest hits you with a +0 war axe.
* * * LOW HITPOINT WARNING * * *
Something hits you but does no damage. The orc priest closely misses you.
Something hits you but does no damage.
You hit the orc priest but do no damage.
The orc priest is moderately wounded.
You constrict the orc priest. The orc priest closely misses you.
Something hits you.
* * * LOW HITPOINT WARNING * * *
Unknown command.
You sock the orc priest!
The orc priest is almost dead.
You constrict the orc priest.
You kill the orc priest!
Something hits you.
* * * LOW HITPOINT WARNING * * *
Unknown command.
You barely miss something. Something hits you.
You die...

#....#.#######
#........#
##.#.....#
#.#.....#
#.#.....#
#.#.....#
#.#.....#
#.#.....#
#+#.@...#
#$.....))......
#............[.
#.............<
#.......#......
...............
........#####..
........# ..


There were no monsters in sight!

Vanquished Creatures
  2 orc priests (D:3)
  Jessica (D:2)
  2 adders (D:2)
  A worm (D:2)
  2 dart slugs
  An orc (D:3)
  3 ball pythons
  5 bats
  3 endoplasms
  3 giant cockroaches
  5 goblins
  4 hobgoblins
  2 kobolds
  A quokka (D:1)
  A frilled lizard (D:2)
  4 rats
40 creatures vanquished.

Notes
Turn   | Place    | Note
-------+----------+-------------------------------------------
     0 | D:1      | Kurtz the Octopode Fighter began the quest for the Orb.
     0 | D:1      | Reached XP level 1. HP: 16/16 MP: 1/1
    87 | D:1      | Reached XP level 2. HP: 10/21 MP: 2/2
   348 | D:1      | Reached skill level 3 in Axes
   734 | D:1      | Reached XP level 3. HP: 26/26 MP: 3/3
  1088 | D:2      | Reached skill level 4 in Axes
  1168 | D:2      | Noticed Jessica
  1171 | D:2      | Killed Jessica
  1172 | D:2      | Reached XP level 4. HP: 17/31 MP: 4/4
  1727 | D:3      | Reached skill level 5 in Axes
  1727 | D:3      | Reached XP level 5. HP: 9/36 MP: 5/5
  1731 | D:3      | Slain by an orc wizard

Illustrated notes

Levels and vault maps discovered:
D:1:      dpeg_arrival_arbitrary_c, layout_basic, dreamdust_wishing_well
D:2:      layout_basic, uniq_jessica
D:3:      layout_basic, cheibrodos_gnoll_hut, uniq_robin

Skill      XL: |  1  2  3  4 |
---------------+-------------+-----
Axes           | 3 4 5 |  5.3
Fighting       | |  3.0
Dodging        | |  3.0
Shields        | |  3.0

Action                     |  1- 3 |  4- 6 || total
---------------------------+-------+-------++-------
  Melee: War axe           |     9 |       ||     9
         Tentacles         |     8 |     3 ||    11
         Constrict         |    11 |     6 ||    17
         Mace              |    38 |    22 ||    60
    Use: Potion            |       |     1 ||     1
   Stab: Sleeping          |     5 |     3 ||     8
 Armour: Skin              |    17 |    12 ||    29
  Dodge: Dodged            |    25 |     9 ||    34
  Block: Buckler           |    10 |     4 ||    14

Table legend: (Time is in decaauts)
 A = Elapsed time spent in this place.
 B = Non-inter-level travel time spent in this place.
 C = Inter-level travel time spent in this place.
 D = Time resting spent in this place.
 E = Time spent auto-exploring this place.
 F = Levels seen in this place.
 G = Mean time per level.
                   A        B        C        D        E       F      G
               +--------+--------+--------+--------+--------+-----+--------+
         Total |   1752 |   1698 |     54 |    202 |   1234 |   3 |  584.0 |
       Dungeon |   1752 |   1698 |     54 |    202 |   1234 |   3 |  584.0 |
               +--------+--------+--------+--------+--------+-----+--------+

Top non-repeatable levels by time:
     D:1: 911 daAuts
     D:2: 804 daAuts
     D:3: 37 daAuts
